 Dungeon Crawl Stone Soup version 0.14-a0-1974-gdb6e453 (webtiles) character file.

3234 M4edhros the Thaumaturge (level 9, -14/51 HPs)
             Began as an Octopode Ice Elementalist on Jan 17, 2014.
             Was a Follower of Fedhas.
             Demolished by a troll (15 damage)
             ... on Level 9 of the Dungeon.
             The game lasted 00:33:56 (12976 turns).

M4edhros the Thaumaturge (OpIE)                    Turns: 12976, Time: 00:33:57

HP -14/51        AC  1     Str  7      XL: 9   Next: 81%
MP  10/25        EV 12     Int 21      God: Fedhas [*.....]
Gold 277         SH  0     Dex 12      Spells:  6 memorised,  6 levels left

rFire  + . .     SeeInvis .     F - +1 trident
rCold  . . .     Clarity  .     (no shield)
rNeg   . . .     Conserve +     (helmet restricted)
rPois  +         rCorr    .     L - amulet of conservation
rElec  .         rRot     .     r - ring of protection from cold
SustAb + .       Spirit   .     t - ring of sustenance
rMut   .         Warding  .     G - ring of sustain abilities
Saprov . . .     Stasis   .     H - ring of fire
MR     .....                    J - ring of poison resistance
                                (no ring)
                                (no ring)
                                (no ring)

@: not resistant to hostile enchantments, quite stealthy
A: almost no armour, amphibious, 8 rings, constrict 8, camouflage 1, gelatinous
body 1
a: Evolution, Renounce Religion


You were on level 9 of the Dungeon.
You worshipped Fedhas.
Fedhas was aware of your devotion.
You were very hungry.

You visited 2 branches of the dungeon, and saw 10 of its levels.

You collected 367 gold pieces.
You spent 90 gold pieces at shops.

Inventory:

Hand weapons
 a - a +0,+2 vampiric short sword
 e - a +0,+2 falchion of holy wrath
 F - a +1,+1 trident (weapon)
 I - a +1,+1 cutlass of draining
Magical devices
 u - a wand of teleportation (0)
 x - a wand of teleportation (2)
Comestibles
 c - 5 bread rations
 j - a royal jelly
 m - 2 chokos
 o - 3 apples
Scrolls
 f - 6 scrolls of enchant weapon I
 h - 2 scrolls of curse armour
 k - 6 scrolls of remove curse {unknown}
 n - a scroll of teleportation
 p - 3 scrolls of amnesia
 q - a scroll of noise
 v - a scroll of blinking
 y - a scroll of immolation
 D - a scroll of recharging
 K - 2 scrolls of curse weapon {unknown}
Jewellery
 r - a ring of protection from cold (left tentacle)
 s - an uncursed amulet of clarity
 t - a ring of sustenance (right tentacle)
 G - a ring of sustain abilities (on tentacle)
 H - a ring of fire (on tentacle)
 J - a ring of poison resistance (on tentacle)
 L - an amulet of conservation (around mantle)
 M - an uncursed amulet of rage {unknown}
Potions
 d - a potion of might
 i - 2 potions of brilliance
 l - a potion of cure mutation {unknown}
 w - 3 potions of speed
 z - 2 potions of heal wounds
 A - a potion of berserk rage
 B - a potion of restore abilities
Books
 b - a book of Frost

   Spells                             Type                      Level
   *Freeze                            Ice                          1
   *Throw Frost                       Conjuration/Ice              2
   *Ozocubu's Armour                  Charms/Ice                   3
   *Throw Icicle                      Conjuration/Ice              4
   *Summon Ice Beast                  Ice/Summoning                4
   *Condensation Shield               Ice                          4
 C - a book of Power

   Spells                             Type                      Level
   Iskenderun's Mystic Blast          Conjuration                  4
   Venom Bolt                         Conjuration/Poison           5
   Bolt of Magma                      Conjuration/Fire/Earth       5
   Fulminant Prism                    Conjuration/Hexes            5
   Iron Shot                          Conjuration/Earth            6
   Orb of Destruction                 Conjuration                  7
 E - a book of the Earth

   Spells                             Type                      Level
   Dig                                Earth                        4
   Leda's Liquefaction                Hexes/Earth                  4
   Bolt of Magma                      Conjuration/Fire/Earth       5
   Statue Form                        Transmutation/Earth          6
   Iron Shot                          Conjuration/Earth            6
   Shatter                            Earth                        9


   Skills:
 + Level 2.7 Polearms
 - Level 2.0 Dodging
 - Level 2.6 Stealth
 * Level 8.3 Spellcasting
 + Level 5.4 Conjurations
 + Level 3.9 Summonings
 + Level 7.1 Ice Magic
 * Level 1.2 Invocations


You had 6 spell levels left.
You knew the following spells:

 Your Spells              Type           Power        Failure   Level  Hunger
a - Freeze                Ice            ###.         1%          1    None
b - Throw Frost           Conj/Ice       ###...       1%          2    None
c - Ozocubu's Armour      Chrm/Ice       ##........   6%          3    None
d - Condensation Shield   Ice            ###.......   4%          4    ###....
e - Throw Icicle          Conj/Ice       ###.....     8%          4    ###....
f - Summon Ice Beast      Ice/Summ       ###.......   10%         4    ###....


Dungeon Overview and Level Annotations

Branches:
Dungeon (9/16)             Temple (1/1) D:7
    Orc: D:9-12        Lair: D:8-11

Altars:
Ashenzari
Cheibriados
Dithmengos
Elyvilon
Fedhas
Kikubaaqudgha
Makhleb
Nemelex Xobeh
Okawaru
Sif Muna
Trog
Vehumet
Xom
Yredelemnul
Zin
the Shining One

Shops:
D:5 *


Innate Abilities, Weirdness & Mutations

You cannot wear most types of armour.
You are amphibious.
You can wear up to eight rings at the same time.
You can use your tentacles to constrict many enemies at once.
Your skin changes colour to match your surroundings (Stlth).
Your rubbery body absorbs attacks (AC +1).


Message History

Press: ? - help, Shift-Dir - straight line, f/p - troll
Aim: a troll You feel a numb sensation.
The shard of ice hits the troll.
The troll is lightly wounded.
Your ice beast closely misses the troll.
Your ice beast hits the troll.
Your ice beast freezes the troll!
Your ice beast hits the troll.
Your ice beast freezes the troll.
A yak comes into view.
You hit the troll.
The troll is heavily wounded.
Your ice beast barely misses the yak.
The troll bites you! The troll misses you. The troll claws you!
The yak barely misses your ice beast.
Your ice beast barely misses the troll.
The yak gores your ice beast! The troll bites you!
* * * LOW HITPOINT WARNING * * *
The troll claws you!
* * * LOW HITPOINT WARNING * * *
The troll claws you!
You die...
Fedhas appreciates your contribution to the ecosystem.

...####..# #.####............#
...?.....# #.#..#............#
.........# #.#..#...#######..#
.####Y...# #.#..#...#.....#..#
.#..#....####.#.)'...#.....#..#
.#..#.........#..#...#.....#..#
.#..#.........#..#...#.....#..#
.##'#.........#I.#...#.....#..#
.........Y...YIT@#...#.....#..#
.#########....#I.#...#.....#..#
.# #....#..#...#.....#..# .#
#....####...#.....#..# .#
#...........#.....#..# .#
#...........#.....'..# .#
#.#######...#####'#..#
.#########.# #...<........#
...........# #............#


You could see 2 yaks, a troll and 3 friendly ice beasts.

Vanquished Creatures
  2 black bears (D:6)
  An ice beast (D:6)
  A yellow wasp (D:8)
  An ogre (D:6)
  2 sky beasts
  A centaur (D:6)
  A giant frog (D:6)
  A troll skeleton (D:9)
  A goliath beetle (D:6)
  5 jellies
  A scorpion (D:8)
  6 crimson imps
  2 orc priests
  4 hounds
  2 iguanas
  6 orc wizards
  6 worker ants
  A big kobold skeleton (D:9)
  9 adders
  An inept item mimic (D:3)
  A giant centipede (D:8)
  3 giant mites
  An inept feature mimic (D:2)
  3 worms
  An adder skeleton (D:8)
  2 giant eyeballs
  4 giant geckos
  An ooze (D:3)
  22 orcs
  3 ball pythons
  11 bats
  A bat skeleton (D:4)
  A giant cockroach (D:6)
  15 goblins
  24 hobgoblins
  3 jackals (D:4)
  2 quokkas (D:4)
  8 giant newts
  A hobgoblin skeleton (D:4)
  21 kobolds
  2 orc skeletons (D:4)
  A quokka zombie (D:9)
  22 rats
207 creatures vanquished.

Vanquished Creatures (collateral kills)
  Pikel (D:5)
  Grinder (D:3)
  An orc warrior (D:6)
  A phantom (D:6)
  An ogre (D:7)
  A centaur (D:7)
  A big kobold (D:9)
  A wight (D:6)
  An orc wizard (D:9)
  2 orcs (D:9)
11 creatures vanquished.

Vanquished Creatures (others)
  2 wandering mushrooms (D:7)
  An ice beast (D:3)
  A butterfly (D:4)
  27 toadstools
31 creatures vanquished.

Grand Total: 249 creatures vanquished

Notes
Turn   | Place    | Note
--------------------------------------------------------------
     0 | D:1      | M4edhros, the Octopode Ice Elementalist, began the quest for the Orb.
     0 | D:1      | Reached XP level 1. HP: 11/11 MP: 3/3
    59 | D:1      | Reached XP level 2. HP: 9/17 MP: 1/4
   627 | D:1      | Reached XP level 3. HP: 9/21 MP: 4/6
  1004 | D:1      | Learned a level 2 spell: Throw Frost
  1008 | D:1      | Learned a level 3 spell: Ozocubu's Armour
  1323 | D:2      | Reached skill level 4 in Ice Magic
  1323 | D:2      | Reached XP level 4. HP: 14/27 MP: 2/9
  1770 | D:3      | Noticed Grinder
  1772 | D:3      | Paralysed by Grinder for 6 turns
  2646 | D:4      | Reached XP level 5. HP: 31/31 MP: 12/12
  3327 | D:4      | Paralysed by a giant eyeball for 3 turns
  3922 | D:5      | Entered Level 5 of the Dungeon
  3927 | D:5      | Noticed a slave
  3930 | D:5      | Noticed a slave
  4149 | D:4      | Reached XP level 6. HP: 36/36 MP: 15/15
  4229 | D:5      | Learned a level 4 spell: Condensation Shield
  4381 | D:5      | Noticed Pikel
  4553 | D:5      | Found a sparkling altar of Nemelex Xobeh.
  4553 | D:5      | Found a glowing silver altar of Zin.
  4716 | D:5      | Found Muurr's General Store.
  4725 | D:5      | Bought a potion of heal wounds for 45 gold pieces
  4725 | D:5      | Bought a potion of heal wounds for 45 gold pieces
  4759 | D:5      | Noticed a slave
  4761 | D:5      | Noticed a slave
  5115 | D:6      | Reached skill level 5 in Spellcasting
  5126 | D:5      | Reached skill level 5 in Ice Magic
  5483 | D:6      | Reached XP level 7. HP: 31/41 MP: 13/18
  6278 | D:6      | Reached skill level 6 in Spellcasting
  6498 | D:6      | Reached XP level 8. HP: 46/46 MP: 14/21
  6998 | D:6      | Learned a level 4 spell: Throw Icicle
  7003 | D:6      | Learned a level 4 spell: Summon Ice Beast
  7340 | D:6      | Reached skill level 1 in Summonings
  7764 | D:7      | Found a staircase to the Ecumenical Temple.
  7773 | Temple   | Entered the Ecumenical Temple
  7837 | Temple   | Became a worshipper of Fedhas Madash
  7922 | D:5      | Reached skill level 7 in Spellcasting
  8232 | D:2      | Paralysed by a potion of paralysis for 2 turns
  9091 | D:3      | Acquired Fedhas' first power
  9182 | D:3      | Killed Grinder
  9474 | D:5      | Killed Pikel
  9474 | D:5      | Reached skill level 1 in Polearms
  9474 | D:5      | Reached XP level 9. HP: 33/51 MP: 1/24
 10017 | D:7      | Reached skill level 5 in Conjurations
 10288 | D:7      | Reached skill level 8 in Spellcasting
 11107 | D:8      | Paralysed by a yellow wasp for 1 turns
 12803 | D:9      | Reached skill level 1 in Invocations
 12976 | D:9      | HP: 1/51 [troll (14)]
 12976 | D:9      | Demolished by a troll

Action                   |  1- 3 |  4- 6 |  7- 9 || total
-------------------------+-------+-------+-------++-------
Melee: Unarmed           |    28 |       |       ||    28
       Whip              |    21 |    91 |    31 ||   143
       Trident           |       |       |   237 ||   237
 Cast: Freeze            |    21 |    34 |    35 ||    90
       Throw Frost       |       |    20 |    98 ||   118
       Ozocubu's Armour  |       |     2 |       ||     2
       Throw Icicle      |       |       |    23 ||    23
       Summon Ice Beast  |       |       |    19 ||    19
       Condensation Shie |       |       |     1 ||     1
Invok: Evolution         |       |       |     2 ||     2
Evoke: Wand              |       |       |     1 ||     1
  Use: Potion            |     5 |     6 |     7 ||    18
       Scroll            |       |    14 |     5 ||    19
 Stab: Sleeping          |     2 |     9 |    14 ||    25
       Distracted        |     1 |       |     2 ||     3
